[Event "Team 45 45 League T92"]
[Site "Internet Chess Club"]
[Date "2022.05.06"]
[Round "4"]
[White "g8wrb"]
[Black "Toalla"]
[Result "1-0"]
[WhiteElo "1296"]
[BlackElo "1094"]
[Opening "Sicilian: Alapin's variation (2.c3)"]
[ECO "B22"]
[Time "15:09:10"]
[PlyCount "35"]
[TimeControl "2700+45"]

1. e4 c5 2. c3 e6 3. d4 d5 4. exd5 exd5 5. Nf3 Nc6 6. Bb5 h6 7. O-O c4 8. Re1+
Be7 9. Bf4 a6 10. Ba4 Nf6 11. Nbd2 O-O 12. Bxc6 bxc6 13. Ne5 Bb7 14. b3 cxb3 15.
axb3 Re8 16. Re3 Bd6 17. Rg3 Kh7 18. Nxf7 {Black resigns} 1-0

[Event "Team 45 45 League T92"]
[Site "Internet Chess Club"]
[Date "2022.05.08"]
[Round "4"]
[White "jonesey"]
[Black "manfredo"]
[Result "1-0"]
[WhiteElo "1861"]
[BlackElo "1546"]
[Opening "Ruy Lopez: open, Bernstein variation"]
[ECO "C80"]
[Time "16:02:00"]
[PlyCount "97"]
[TimeControl "2700+45"]

1. e4 e5 2. Nf3 Nc6 3. Bb5 a6 4. Ba4 Nf6 5. O-O Nxe4 6. d4 b5 7. Bb3 d5 8. dxe5
Be6 9. Nbd2 Bc5 10. Nxe4 dxe4 11. Ng5 Qe7 12. Nxe6 fxe6 13. Qh5+ g6 14. Qh6 Nxe5
15. Bg5 Qf7 16. Qh3 Nc4 17. Bxc4 bxc4 18. Qc3 O-O 19. Be3 Bb6 20. Bxb6 cxb6 21.
Qxc4 Qf5 22. Rae1 Rfc8 23. Qb3 b5 24. a4 Qd5 25. Rd1 Qxb3 26. cxb3 Rc2 27. Rd4
Rxb2 28. axb5 axb5 29. Rb4 Ra5 30. h4 Kf7 31. Re1 Raa2 32. Rexe4 Rxf2 33. Rf4+
Rxf4 34. Rxf4+ Ke7 35. Rb4 Ra5 36. Rf4 e5 37. Rb4 Kd6 38. Kh2 Kc5 39. Re4 Kd5
40. Rb4 Kc5 41. Re4 Kd5 42. Rb4 e4 43. Kg3 Ke5 44. Kf2 h6 45. Ke3 g5 46. hxg5
hxg5 47. Rxe4+ Kd5 48. Rd4+ Kc5 49. b4+ {Black resigns} 1-0

[Event "Team 45 45 League T92"]
[Site "Internet Chess Club"]
[Date "2022.05.06"]
[Round "4"]
[White "fvafier"]
[Black "ghowell"]
[Result "0-1"]
[WhiteElo "1504"]
[BlackElo "1567"]
[Opening "Réti: old Indian attack"]
[ECO "A06"]
[Time "18:00:17"]
[PlyCount "114"]
[TimeControl "2700+45"]

1. Nf3 d5 2. d3 Nf6 3. g3 c5 4. Bg2 Nc6 5. Nbd2 e5 6. e4 d4 7. O-O Be7 8. Nc4
Bg4 9. h3 Bh5 10. g4 Nxg4 11. hxg4 Bxg4 12. Qe1 Bd6 13. Nxd6+ Qxd6 14. Nh2 Bd7
15. f3 O-O 16. Qg3 Nb4 17. Rf2 Rac8 18. a3 Nc6 19. Bh3 Bxh3 20. Qxh3 Ne7 21. Ng4
f5 22. exf5 Rxf5 23. Rg2 Kh8 24. Bd2 Qc6 25. Rf1 Rcf8 26. Rgf2 Ng6 27. Qg3 h5
28. Nh2 Nf4 29. Bxf4 exf4 30. Qh4 Qh6 31. Rg2 g5 32. Qf2 Qe6 33. Qe2 Re5 34. Qd2
Qb6 35. Re1 Rfe8 36. Rxe5 Rxe5 37. Re2 Re3 38. Rxe3 fxe3 39. Qc1 Qe6 40. Qe1 e2
41. Kg2 b5 42. b3 a5 43. a4 bxa4 44. bxa4 Kg7 45. f4 gxf4 46. Nf3 c4 47. Kf2
Qe3+ 48. Kg2 cxd3 49. cxd3 Qxd3 50. Qxa5 Qg6+ 51. Kf2 Qg3+ 52. Kxe2 d3+ 53. Kxd3
Qxf3+ 54. Kd4 Qe3+ 55. Kd5 f3 56. Qc7+ Kg6 57. Qg3+ Qg5+ {White resigns} 0-1

[Event "Team 45 45 League T92"]
[Site "Internet Chess Club"]
[Date "2022.05.09"]
[Round "4"]
[White "natalieH"]
[Black "Denis240964"]
[Result "0-1"]
[WhiteElo "1100"]
[BlackElo "1358"]
[Opening "Bird's opening"]
[ECO "A03"]
[Time "15:27:41"]
[PlyCount "110"]
[TimeControl "2700+45"]

1. f4 d5 2. Nf3 Nf6 3. d4 e6 4. e3 c5 5. Be2 Nc6 6. c3 c4 7. O-O Be7 8. Nbd2 O-O
9. b3 Qa5 10. b4 Qc7 11. Ba3 a5 12. Qa4 Bd7 13. b5 Bxa3 14. bxc6 Bxc6 15. Qxa3
b5 16. Qb2 Rfb8 17. Rab1 b4 18. Qc2 Ng4 19. Ng5 Nxe3 20. Qxh7+ Kf8 21. Qh8+ Ke7
22. Qxg7 Be8 23. Rf3 Nf5 24. Qh7 bxc3 25. Rxc3 Nxd4 26. Re3 Rxb1+ 27. Qxb1 Qxf4
28. Qb7+ Kf6 29. Nf1 Rb8 30. Qa7 Nxe2+ 31. Rxe2 Kxg5 32. Rf2 Qd6 33. Qe3+ Kg6
34. Qf3 Qe5 35. Ng3 Rb1+ 36. Nf1 Qf5 37. Qg3+ Qg5 38. Qc3 f5 39. Qxa5 Bf7 40.
Rf3 f4 41. Qc7 Kf5 42. Qxf7+ Ke5 43. Qc7+ Ke4 44. Qh7+ Qf5 45. Qh4 d4 46. h3 c3
47. Qf2 d3 48. Kh2 Rd1 49. Ng3+ fxg3+ 50. Qxg3 c2 51. Re3+ Kd4 52. Qd6+ Kxe3 53.
Qg3+ Kd2 54. Qd6 c1=Q 55. Qb4+ Qc3 {White resigns} 0-1

[Event "Team 45 45 League T92"]
[Site "Internet Chess Club"]
[Date "2022.05.04"]
[Round "4"]
[White "Kingofknights"]
[Black "Denis240964"]
[Result "1-0"]
[WhiteElo "1469"]
[BlackElo "1352"]
[Opening "Dutch defense"]
[ECO "A90"]
[Time "18:45:07"]
[PlyCount "139"]
[TimeControl "2700+45"]

1. d4 f5 2. c4 Nf6 3. g3 e6 4. Bg2 d5 5. cxd5 exd5 6. Nc3 c6 7. Nf3 Be7 8. O-O
h6 9. Ne5 O-O 10. Ng6 Re8 11. Nxe7+ Rxe7 12. b4 Be6 13. a4 Qe8 14. Ba3 Ne4 15.
Qc2 Nd7 16. b5 Rf7 17. e3 Nb6 18. bxc6 Qxc6 19. Rfc1 Rc8 20. Bxe4 fxe4 21. Bc5
Bh3 22. Nb5 Qf6 23. Qe2 Nc4 24. Rxc4 dxc4 25. Nd6 b6 26. Ba3 Qe6 27. Rc1 Bg4 28.
Qf1 Rxf2 29. Qxf2 Rf8 30. Qg2 Rf3 31. Nxc4 Bh3 32. Qe2 Qf6 33. Ne5 Rf5 34. Bb2
Qg5 35. d5 Rxe5 36. Bxe5 Qxe5 37. Rd1 h5 38. Qd2 Qd6 39. Qd4 Bg4 40. Rc1 Bf3 41.
Qc4 Kh7 42. Qc6 Qa3 43. Qc3 Qxa4 44. Qe5 Bg4 45. d6 Qa3 46. Qxe4+ Kh6 47. Qf4+
Kh7 48. Rf1 Qd3 49. Qd4 Qc2 50. Rf2 Qc6 51. e4 Bh3 52. Rd2 Qc1+ 53. Rd1 Qc2 54.
Qd2 Qc5+ 55. Kh1 Bd7 56. Kg2 Qc6 57. Kf3 Bg4+ 58. Ke3 Qc5+ 59. Kf4 Bxd1 60. Qxd1
Qc8 61. Qd5 g6 62. d7 Qd8 63. e5 Kh6 64. e6 Qf6+ 65. Ke4 Qd8 66. h4 a5 67. Qg5+
Qxg5 68. hxg5+ Kxg5 69. d8=Q+ Kg4 70. Qh4# {Black checkmated} 1-0

[Event "Team 45 45 League T92"]
[Site "Internet Chess Club"]
[Date "2022.05.07"]
[Round "4"]
[White "Megasus"]
[Black "julesraider"]
[Result "1-0"]
[WhiteElo "1575"]
[BlackElo "1581"]
[Opening "King's Indian: East Indian defense"]
[ECO "A48"]
[Time "13:03:36"]
[PlyCount "59"]
[TimeControl "2700+45"]

1. Nf3 Nf6 2. d4 g6 3. e3 Bg7 4. Nbd2 O-O 5. c4 b6 6. b3 Bb7 7. Qc2 Na6 8. a3 d5
9. Bb2 c5 10. Bd3 Rc8 11. O-O Qd6 12. h3 Rfd8 13. Rac1 Nd7 14. Rfe1 e6 15. Qb1
Rc7 16. e4 cxd4 17. e5 Nxe5 18. Nxe5 Bxe5 19. Nf3 Bf4 20. Nxd4 dxc4 21. Bxc4
Bxc1 22. Qxc1 Qc5 23. Nxe6 fxe6 24. Bxe6+ Rf7 25. Bxf7+ Kxf7 26. Qh6 Rd4 27.
Qxh7+ Kf8 28. Qh8+ Kf7 29. Bxd4 Qc6 30. Qg7# {Black checkmated} 1-0

[Event "Team 45 45 League T92"]
[Site "Internet Chess Club"]
[Date "2022.05.11"]
[Round "4"]
[White "Toalla"]
[Black "gregorgg"]
[Result "0-1"]
[WhiteElo "1089"]
[BlackElo "1380"]
[Opening "King's Indian: 3.g3"]
[ECO "E60"]
[Time "14:35:58"]
[PlyCount "148"]
[TimeControl "2700+45"]

1. d4 Nf6 2. c4 g6 3. g3 Bg7 4. Bg2 O-O 5. e3 c5 6. Ne2 Nc6 7. O-O d6 8. Nbc3
Qc7 9. b3 b6 10. Bb2 cxd4 11. Nxd4 Bb7 12. Ncb5 Qd7 13. Nxc6 Bxc6 14. Bxc6 Qxc6
15. Nd4 Qb7 16. Qf3 Qxf3 17. Nxf3 Rab8 18. Rad1 b5 19. Bxf6 Bxf6 20. cxb5 Rxb5
21. Nd4 Ra5 22. a4 Bxd4 23. Rxd4 Rc8 24. Rd3 Rac5 25. Rfd1 Rc2 26. Kf1 Rb2 27.
R3d2 Rcc2 28. Ke2 Rxd2+ 29. Rxd2 Rxb3 30. Rd3 Rb1 31. Rd1 Rxd1 32. Kxd1 Kf8 33.
Kd2 Ke8 34. Kd3 Kd7 35. Kd4 Kc6 36. Kc4 a5 37. e4 e6 38. f3 g5 39. h3 f6 40. g4
h6 41. Kd4 d5 42. e5 fxe5+ 43. Kxe5 Kc5 44. Kxe6 d4 45. Kf6 d3 46. Kg6 d2 47.
Kxh6 d1=Q 48. Kxg5 Qxf3 49. h4 Qd5+ 50. Kg6 Qe6+ 51. Kg5 Qg8+ 52. Kf5 Qf7+ 53.
Kg5 Qg7+ 54. Kf5 Qh6 55. g5 Qxh4 56. g6 Qh5+ 57. Kf6 Qxg6+ 58. Kxg6 Kb4 59. Kf5
Kxa4 60. Ke4 Kb3 61. Kd3 Kb2 62. Kc4 a4 63. Kb4 a3 64. Ka4 a2 65. Kb4 a1=Q 66.
Kb5 Qc1 67. Kb6 Qc4 68. Kb7 Qe6 69. Kb8 Qd7 70. Ka8 Kb3 71. Kb8 Kb4 72. Ka8 Kb5
73. Kb8 Kb6 74. Ka8 Qa7# {White checkmated} 0-1

[Event "Team 45 45 League T92"]
[Site "Internet Chess Club"]
[Date "2022.05.09"]
[Round "4"]
[White "rhayder"]
[Black "oldbookseller"]
[Result "1-0"]
[WhiteElo "981"]
[BlackElo "1046"]
[Opening "King's pawn game"]
[ECO "C50"]
[Time "15:17:08"]
[PlyCount "27"]
[TimeControl "2700+45"]

1. e4 e5 2. Nf3 Nc6 3. Bc4 Qe7 4. O-O g6 5. d4 exd4 6. Nxd4 Qf6 7. c3 b6 8. Na3
Bb7 9. Nab5 O-O-O 10. Re1 Bd6 11. Nxc6 Bxc6 12. Nxa7+ Kb7 13. Nxc6 Kxc6 14. Qd5#
{Black checkmated} 1-0

[Event "Team 45 45 League T92"]
[Site "Internet Chess Club"]
[Date "2022.05.09"]
[Round "4"]
[White "dwmt"]
[Black "kabubi"]
[Result "1-0"]
[WhiteElo "1221"]
[BlackElo "1153"]
[Opening "Two knights defense (Modern bishop's opening)"]
[ECO "C55"]
[Time "20:00:44"]
[PlyCount "79"]
[TimeControl "2700+45"]

1. e4 e5 2. Nf3 Nc6 3. Bc4 Nf6 4. d3 d5 5. Bxd5 Nxd5 6. exd5 Qxd5 7. O-O Be7 8.
Nc3 Qd8 9. b3 O-O 10. Bb2 Bf6 11. Ne4 Bd7 12. Nxf6+ Qxf6 13. Re1 Rae8 14. Ba3
Bg4 15. Bxf8 Nd4 16. Re3 Rxf8 17. h3 Bxf3 18. gxf3 Qg5+ 19. Kh1 Qh4 20. Qf1 Nxc2
21. Re4 Qf6 22. Rc1 Qxf3+ 23. Qg2 Qxg2+ 24. Kxg2 Nb4 25. Rxe5 Nxd3 26. Rxc7 Nxe5
27. Rxb7 Nc6 28. Rc7 Nd4 29. Rxa7 f5 30. Ra4 Ne2 31. b4 Nc3 32. Ra3 Nb5 33. Rd3
Nc7 34. a4 Ra8 35. a5 Ne6 36. Rd6 Kf7 37. Rb6 Ke7 38. a6 Kd7 39. b5 Kc7 40. Rxe6
{Black resigns} 1-0

[Event "Team 45 45 League T92"]
[Site "Internet Chess Club"]
[Date "2022.05.08"]
[Round "4"]
[White "WzeroMN"]
[Black "arconia"]
[Result "1/2-1/2"]
[WhiteElo "1037"]
[BlackElo "1137"]
[Opening "Sicilian: Labourdonnais-Löwenthal variation"]
[ECO "B32"]
[Time "15:00:42"]
[PlyCount "130"]
[TimeControl "2700+45"]

1. e4 c5 2. Nf3 Nc6 3. d4 cxd4 4. Nxd4 e5 5. Nxc6 bxc6 6. Bc4 Nf6 7. Bg5 Bc5 8.
O-O O-O 9. Re1 Bb7 10. Nd2 d5 11. exd5 cxd5 12. Bxf6 Qxf6 13. Qf3 dxc4 14. Qxf6
gxf6 15. Ne4 Bxe4 16. Rxe4 Rac8 17. Rd1 Rfe8 18. Kf1 Bb6 19. Rg4+ Kh8 20. Rd7
Rc7 21. Rxc7 Bxc7 22. Rxc4 Bb6 23. b4 e4 24. a4 e3 25. fxe3 Bxe3 26. g3 f5 27.
a5 Bd2 28. Kg2 Re2+ 29. Kh3 Re4 30. Rc8+ Kg7 31. Rc5 Kg6 32. Rc7 Rxb4 33. Rxa7
f4 34. gxf4 Rxf4 35. Rd7 Bxa5 36. Rd6+ Kg7 37. Rd5 Be1 38. Re5 Rh4+ 39. Kg2 Bd2
40. c4 Rxc4 41. Re2 Bb4 42. Kf3 f5 43. Rg2+ Kf6 44. Re2 h5 45. Re8 Rc3+ 46. Re3
Rxe3+ 47. Kxe3 Ke5 48. h4 f4+ 49. Kf3 Kf5 50. Kf2 Kg4 51. Kf1 Kxh4 52. Kg2 Kg4
53. Kg1 h4 54. Kh2 h3 55. Kh1 f3 56. Kg1 Kg3 57. Kh1 Kf4 58. Kg1 h2+ 59. Kxh2
Ke3 60. Kg1 Ke2 61. Kh2 f2 62. Kh3 f1=Q+ 63. Kg4 Ke3 64. Kg3 Qf4+ 65. Kh3 Kf2
{White stalemated} 1/2-1/2